 Dungeon Crawl Stone Soup version 0.20.1-1-g8b1a95d (webtiles) character file.

6748 vineage the Basher (level 11, -11/67 HPs)
             Began as a Gargoyle Fighter on Oct 5, 2017.
             Was an Elder of Okawaru.
             Killed from afar by an efreet (17 damage)
             ... with a fireball
             ... on level 11 of the Dungeon.
             The game lasted 00:11:12 (7108 turns).

vineage the Basher (Gargoyle Fighter)               Turns: 7108, Time: 00:11:13

Health: -11/67     AC: 19    Str: 22    XL:     11   Next: 4%
Magic:  11/11      EV: 10    Int: 11    God:    Okawaru [****..]
Gold:   505        SH: 11    Dex: 11    Spells: 10/10 levels left

rFire    . . .     SeeInvis .   y - +6 mace "Madasit" {crush, +Rage Int+3}
rCold    . . .     Gourm    .   c - +0 shield
rNeg     + . .     Faith    .   b - +0 scale mail
rPois    ∞         Spirit   .   q - +1 helmet
rElec    +         Reflect  .   (no cloak)
rCorr    .         Harm     .   (no gloves)
MR       .....                  d - +0 pair of boots
Stlth    ..........             (no amulet)
Regen    0.3/turn               (no ring)
MPRegen  0.2/turn               (no ring)

@: studying Slings
A: negative energy resistance 1, electricity resistance, unbreathing,
petrification resistance, rot immunity, AC +7
a: Heroism, Renounce Religion, Evoke Berserk Rage


You were on level 11 of the Dungeon.
You worshipped Okawaru.
Okawaru was greatly pleased with you.
You were hungry.

You visited 2 branches of the dungeon, and saw 12 of its levels.

You collected 505 gold pieces.

Inventory:

Hand Weapons
 a - a +0 flail
 y - the +6 mace "Madasit" (weapon) {crush, +Rage Int+3}
   (You found it on level 6 of the Dungeon)

   It inflicts extra damage upon your enemies.
   It affects your intelligence (+3).
   It lets you go berserk.
Armour
 b - a +0 scale mail (worn)
 c - a +0 shield (worn)
 d - a +0 pair of boots (worn)
 q - a +1 helmet (worn)
Wands
 t - a wand of flame (13/48)
 v - a wand of lightning (1/15)
 x - a wand of iceblast (4/15)
 D - a wand of polymorph (18/24)
 I - a wand of lightning (7/15)
 M - a wand of scattershot (3/9)
Scrolls
 e - a scroll of amnesia {unknown}
 j - 10 scrolls of identify {unknown}
 o - a scroll of enchant armour {unknown}
 s - a scroll of enchant weapon {unknown}
 u - 4 scrolls of remove curse {unknown}
 w - a scroll of fog {unknown}
 B - 8 scrolls of teleportation {unknown}
 F - a scroll of noise {unknown}
 G - a scroll of fear {unknown}
 H - a scroll of recharging {unknown}
 L - a scroll of magic mapping {unknown}
 N - a scroll of acquirement {unknown}
Potions
 h - 2 potions of curing
 i - 2 potions of heal wounds
 m - 2 potions of ambrosia {unknown}
 n - a potion of magic {unknown}
 p - a potion of degeneration {unknown}
 r - 2 potions of flight {unknown}
 z - a potion of brilliance {unknown}
 A - 2 potions of might
 C - a potion of agility
 E - a potion of resistance
 O - a potion of invisibility {unknown}
Books
 J - a book of Geomancy

   Spells                             Type                      Level
   a - Sandblast                      Earth                        1
   b - Passwall                       Transmutation/Earth          2
   c - Stone Arrow                    Conjuration/Earth            3
   d - Petrify                        Transmutation/Earth          4
   e - Lee's Rapid Deconstruction     Earth                        5
 K - a manual of Slings
Comestibles
 f - 14 bread rations
 g - 7 fruits
 k - 6 royal jellies
 l - 3 meat rations


   Skills:
 + Level 7.1 Fighting
 + Level 10.3 Maces & Flails
 + Level 8.3 Armour
 + Level 3.9 Dodging
 + Level 1.6 Stealth
 + Level 9.2 Shields


You had 10 spell levels left.
You didn't know any spells.

Dungeon Overview and Level Annotations

Branches:
Dungeon (12/15)            Temple (1/1) D:6
   Lair: D:8-11         Orc: D:9-12

Altars:
Ashenzari
Cheibriados
Elyvilon
Gozag
Hepliaklqana
Kikubaaqudgha
Makhleb
Nemelex Xobeh
Okawaru
Qazlal
Ru
Sif Muna
Trog
Uskayaw
Vehumet
Xom
Zin
The Shining One

Shops:
D:6 =

Portals:
Trove: D:12 (give +2 fire dragon scales)


Innate Abilities, Weirdness & Mutations

You are resistant to torment.
Your stone body is resilient. (AC +7)
You are immune to poison.
You resist negative energy. (rN+)
You are resistant to electric shocks. (rElec)
You can survive without breathing.
You are immune to petrification.
You are immune to rotting.


Message History

The efreet is severely wounded.
The efreet hits you but does no damage.
You completely miss the efreet.
The efreet is severely wounded.
The efreet gestures at you. The bolt of fire hits you!
Your shield and scale mail prevent you from hitting the efreet.
The efreet is severely wounded.
You block the efreet's attack.
You hit the efreet.
The efreet is severely wounded.
The efreet gestures at you.
The fireball explodes!
The fireball engulfs you!
* * * LOW HITPOINT WARNING * * *
The fireball engulfs the efreet.
The efreet completely resists.
You hit the efreet but do no damage.
The efreet is severely wounded.
The efreet gestures at you.
The fireball explodes!
The fireball engulfs you!
You die...

###########
#.R@......#
#>#######.#
#......§§.#
#.##....#Y#
#.§..Y.Y.
....... ...
..§.####.#....
.§##. Y .#..
.. .. .# ...


You could see an efreet.

Vanquished Creatures
  A two-headed ogre (D:8)
  A guardian mummy (D:12)
  The ghost of Gobbopathe the Changer, a novice VSTm of Uskayaw (D:5)
  Grinder (D:3)
  A hornet (D:12)
  A centaur simulacrum (D:12)
  A spriggan (D:7)
  11 yaks
  A hungry ghost (D:7)
  Duvessa (D:6)
  2 orc warriors
  A sky beast (D:7)
  A necrophage (D:6)
  2 phantoms (D:6)
  6 centaurs
  A crocodile (D:8)
  A big kobold (D:12)
  3 bullfrogs
  Blork the orc (D:4)
  A gnoll sergeant (D:9)
  Dowan (D:6)
  2 scorpions
  4 killer bees (D:12)
  5 wights (D:7)
  3 crimson imps
  3 jellies
  2 bullfrog skeletons
  2 hounds
  4 orc priests
  5 orc wizards
  An iguana (D:6)
  Natasha (thrice) (D:4)
  10 worker ants
  A hound zombie (D:6)
  A worker ant zombie (D:5)
  10 gnolls
  3 adders
  2 oozes
  An adder skeleton (D:8)
  2 worms
  2 dart slugs
  5 leopard geckos
  25 orcs
  5 giant cockroaches
  3 goblins
  7 hobgoblins
  13 jackals
  3 quokkas
  7 bats
  5 frilled lizards
  A giant cockroach zombie (D:6)
  8 kobolds
  4 rats
192 creatures vanquished.

Notes
Turn   | Place    | Note
-------+----------+-------------------------------------------
     0 | D:1      | vineage the Gargoyle Fighter began the quest for the Orb.
     0 | D:1      | Reached XP level 1. HP: 14/14 MP: 1/1
    83 | D:1      | Reached XP level 2. HP: 15/19 MP: 2/2
   413 | D:1      | Reached XP level 3. HP: 23/23 MP: 3/3
  1311 | D:2      | Found a snail-covered altar of Cheibriados.
  1440 | D:2      | Reached XP level 4. HP: 28/28 MP: 4/4
  1533 | D:2      | Found a faded altar of an unknown god.
  1883 | D:3      | Reached skill level 3 in Maces & Flails
  2038 | D:3      | Noticed Grinder
  2044 | D:3      | Paralysed by Grinder for 7 turns
  2058 | D:3      | Paralysed by Grinder for 3 turns
  2077 | D:3      | Killed Grinder
  2077 | D:3      | Reached skill level 4 in Maces & Flails
  2077 | D:3      | Reached skill level 1 in Dodging
  2077 | D:3      | Reached XP level 5. HP: 21/33 MP: 5/5
  2077 | D:3      | Reached XP level 6. HP: 24/38 MP: 6/6
  2157 | D:3      | Found a sparkling altar of Nemelex Xobeh.
  2372 | D:4      | Noticed Blork the orc
  2386 | D:4      | Killed Blork the orc
  2406 | D:4      | Noticed Natasha
  2416 | D:4      | Killed Natasha
  2428 | D:4      | Noticed Natasha
  2440 | D:4      | Killed Natasha
  2440 | D:4      | Reached XP level 7. HP: 31/43 MP: 7/7
  2483 | D:4      | Noticed Natasha
  2489 | D:4      | Killed Natasha
  2844 | D:4      | Found a shattered altar of Ashenzari.
  3021 | D:4      | Reached skill level 5 in Maces & Flails
  3301 | D:5      | Entered Level 5 of the Dungeon
  3391 | D:5      | Noticed Gobbopathe's ghost (novice VSTm)
  3405 | D:5      | Killed Gobbopathe's ghost
  3405 | D:5      | Reached skill level 5 in Armour
  3405 | D:5      | Reached skill level 5 in Shields
  3889 | D:5      | Reached skill level 6 in Maces & Flails
  3889 | D:5      | Reached XP level 8. HP: 46/48 MP: 8/8
  4056 | D:6      | Got a fine mace
  4060 | D:6      | Identified the +6 mace "Madasit" {crush, +Rage Int+3} (You found it on level 6 of the Dungeon)
  4148 | D:6      | Reached skill level 5 in Fighting
  4223 | D:6      | Found Foakha's Jewellery Boutique.
  4256 | D:6      | Reached skill level 7 in Maces & Flails
  4273 | D:6      | Noticed Dowan
  4276 | D:6      | Noticed Duvessa
  4290 | D:6      | Killed Dowan
  4296 | D:6      | Killed Duvessa
  4372 | D:6      | Reached XP level 9. HP: 45/54 MP: 9/9
  4458 | D:6      | Found a stormy altar of Qazlal.
  4721 | D:6      | Found a staircase to the Ecumenical Temple.
  4728 | Temple   | Entered the Ecumenical Temple
  4735 | Temple   | Became a worshipper of Warmaster Okawaru
  4855 | D:7      | Reached skill level 8 in Maces & Flails
  5050 | D:7      | Found a deep blue altar of Sif Muna.
  5087 | D:7      | Reached * piety under Okawaru
  5087 | D:7      | Reached skill level 1 in Stealth
  5200 | D:7      | Found a shimmering altar of Xom.
  5201 | D:7      | Found a burning altar of Makhleb.
  5435 | D:8      | Found a glowing golden altar of the Shining One.
  5577 | D:8      | Noticed a two-headed ogre
  5590 | D:8      | HP: 2/55 [two-headed ogre/dire flail (5)]
  5598 | D:8      | Killed a two-headed ogre
  5598 | D:8      | Reached skill level 9 in Maces & Flails
  5598 | D:8      | Reached XP level 10. HP: 20/61 MP: 10/10
  6318 | D:9      | Found a glowing silver altar of Zin.
  6363 | D:9      | Reached ** piety under Okawaru
  6486 | D:9      | Found a bloodstained altar of Trog.
  6549 | D:9      | Found a sparkling altar of Nemelex Xobeh.
  6680 | D:9      | You fall through a shaft for 3 floors!
  6766 | D:12     | HP: 3/61 [yak (7)]
  6783 | D:12     | Reached *** piety under Okawaru
  6951 | D:12     | Found a portal to a secret trove of treasure.
  7071 | D:11     | Reached skill level 10 in Maces & Flails
  7082 | D:11     | Reached **** piety under Okawaru
  7087 | D:11     | Reached XP level 11. HP: 54/67 MP: 11/11
  7108 | D:11     | Killed from afar by an efreet

Skill      XL: |  1  2  3  4  5  6  7  8  9 10 |
---------------+-------------------------------+-----
Armour         | 4 5 7 8 |  8.3
Maces & Flails | 4 6 7 9 10 | 10.3
Dodging        | 1 2 3 |  3.9
Shields        | 4 5 6 7 9 |  9.2
Fighting       | 4 5 6 7 |  7.1
Stealth        | 1 |  1.6

Action                   |  1- 3 |  4- 6 |  7- 9 | 10-12 || total
-------------------------+-------+-------+-------+-------++-------
Melee: Flail             |   130 |   106 |   121 |       ||   357
       Mace              |       |       |   212 |   230 ||   442
  Use: Potion            |       |     2 |     3 |     3 ||     8
  Eat: Chunk             |     2 |     3 |    12 |     5 ||    22
       Fruit             |       |       |     1 |       ||     1
Armor: Scale mail        |    92 |    68 |   157 |   109 ||   426
Dodge: Dodged            |    49 |    35 |    94 |    87 ||   265
Block: Shield            |    84 |    53 |   176 |   136 ||   449
